 Dungeon Crawl Stone Soup version 0.25-a0-701-gb30f108f01 (webtiles) character file.

Game seed: 6394897975419724838, levelgen mode: deterministic

1894 DasRunzen the Skirmisher (level 8, -11/71 HPs)
             Began as a Grey Draconian Gladiator on Apr 3, 2020.
             Mangled by an orc warrior
             ... wielding a +0 trident
              (17 damage)
             ... on level 5 of the Dungeon.
             The game lasted 00:10:06 (5148 turns).

DasRunzen the Skirmisher (Grey Draconian Gladiator) Turns: 5148, Time: 00:10:06

Health: -11/71     AC: 11    Str: 16    XL:     8   Next: 93%
Magic:  15/15      EV: 15    Int: 12    God:
Gold:   286        SH:  0    Dex: 12    Spells: 17/17 levels left

rFire    . . .     SeeInvis .   a - +1 quarterstaff
rCold    + . .     Gourm    .   (shield currently unavailable)
rNeg     . . .     Faith    .   (armour unavailable)
rPois    .         Spirit   .   b - +0 hat
rElec    .         Reflect  .   m - scarf {cloud immunity}
rCorr    .         Harm     .   (no gloves)
MR       .....     Clarity  +   (no boots)
Stlth    +.........             (no amulet)
HPRegen  0.21/turn              g - ring of flight
MPRegen  0.14/turn              j - ring of protection from cold

@: studying Long Blades
A: walk through water, unfitting armour, clarity, clever 1, clumsy 1,
unbreathing, cold-blooded, AC +11
a: Evoke Flight


You were on level 5 of the Dungeon.
You were hungry.

You visited 1 branch of the dungeon, and saw 6 of its levels.

You collected 286 gold pieces.

Inventory:

Hand Weapons
 a - a +1 quarterstaff (weapon)
Missiles
 c - 4 throwing nets (quivered)
Armour
 b - a +0 hat (worn)
 e - a +0 cloak
 m - a scarf of cloud immunity (worn)
Jewellery
 g - a ring of flight (left hand)
 h - an uncursed ring of stealth
 j - a ring of protection from cold (right hand)
 w - a +4 ring of evasion {unknown}
Wands
 k - a wand of flame (8)
Scrolls
 i - 2 scrolls of remove curse
 p - 2 scrolls of blinking
Potions
 f - a potion of curing
 l - 2 potions of flight
 n - 4 potions of heal wounds
 o - 2 potions of cancellation
 q - 3 potions of haste
 r - a potion of brilliance {unknown}
 s - a potion of might {unknown}
 t - a potion of ambrosia {unknown}
 u - a potion of degeneration {unknown}
 v - a potion of berserk rage {unknown}
Books
 x - a manual of Long Blades
Comestibles
 d - 10 rations


   Skills:
 + Level 6.7 Fighting
 + Level 6.5 Staves
 - Level 1.7 Throwing
 + Level 5.9 Dodging
 + Level 5.0 Spellcasting


You had 17 spell levels left.
You didn't know any spells.
Your spell library was empty.

Dungeon Overview and Level Annotations

Branches:
Dungeon (6/15)
 Temple: D:4-7

Altars:


Innate Abilities, Weirdness & Mutations

You can walk through water.
Your dull iron-grey scales are very hard. (AC +11)
You cannot fit into any form of body armour.
You can survive without breathing.
You are cold-blooded and may be slowed by cold attacks.
You possess an exceptional clarity of mind.
Your mind is acute. (Int +2)
You are clumsy. (Dex -2)


Message History

The orc warrior is almost dead.
You hit the orc warrior but do no damage.
The orc warrior is almost dead.
The orc warrior hits you with a +0 trident!
You are too injured to fight recklessly!
You hit the orc warrior but do no damage.
The orc warrior is almost dead.
The orc warrior hits you but does no damage.
You hit the orc warrior.
Your tail-slap misses the orc warrior.
The orc warrior is almost dead.
The orc warrior hits you with a +0 trident!
* * * LOW HITPOINT WARNING * * *
The orc warrior hits you with a +0 trident.
* * * LOW HITPOINT WARNING * * *
You climb upwards.
There is a stone staircase leading down here.
You hit the orc warrior but do no damage.
The orc warrior is almost dead.
The orc warrior hits you with a +0 trident!
You die...

##...# #.###... ###
##..# ##..(...#
#.#####..# #.....###
##..##...## #....##
# ##.......# #...##
## ##...#..## ##..##
#.
##.###..####..####
#.
#.##.......##...###.
#.o@####..######...#
##### #.#.## ###..
#.##.# #.## #.####
### ###


You could see an orc warrior.

Vanquished Creatures
  Grinder (D:3)
  Menkaure (D:5)
  Edmund (D:5)
  Duvessa (D:4)
  An ice beast (D:6)
  A phantom (D:5)
  The ghost of Conn the Ogre Mage, an amateur OgWz (D:3)
  An ogre (D:5)
  A bullfrog (D:2)
  Dowan (D:4)
  2 scorpions (D:4)
  4 crimson imps
  A centaur zombie (D:5)
  A jelly (D:5)
  3 hounds (D:5)
  A quasit (D:5)
  4 orc wizards
  2 orc priests (D:4)
  2 iguanas
  2 worker ants
  9 adders
  A worm (D:4)
  6 dart slugs
  10 leopard geckos
  17 orcs
  8 giant cockroaches
  7 goblins
  5 hobgoblins
  5 jackals
  2 quokkas
  A ball python (D:1)
  7 bats
  7 frilled lizards
  A jackal skeleton (D:4)
  5 kobolds
  A leopard gecko skeleton (D:3)
  A quokka zombie (D:3)
  3 rats
128 creatures vanquished.

Notes
Turn   | Place    | Note
-------+----------+-------------------------------------------
     0 | D:1      | DasRunzen the Draconian Gladiator began the quest for the
                  | Orb.
     0 | D:1      | Reached XP level 1. HP: 17/17 MP: 1/1
    46 | D:1      | Reached XP level 2. HP: 17/25 MP: 2/2
   176 | D:1      | Reached skill level 1 in Spellcasting
   181 | D:1      | Reached XP level 3. HP: 23/30 MP: 4/4
   679 | D:2      | Noticed a bullfrog
   686 | D:2      | Killed a bullfrog
   686 | D:2      | Reached XP level 4. HP: 20/38 MP: 4/6
  1203 | D:2      | Gained mutation: You are clumsy. (Dex -2) [potion of
                  | mutation]
  1203 | D:2      | Gained mutation: You have a pair of small antennae on your
                  | head. [potion of mutation]
  1204 | D:2      | Lost mutation: You are clumsy. (Dex -2) [potion of
                  | mutation]
  1204 | D:2      | Lost mutation: You have a pair of small antennae on your
                  | head. [potion of mutation]
  1204 | D:2      | Gained mutation: You possess an exceptional clarity of
                  | mind. [potion of mutation]
  1204 | D:2      | Gained mutation: You are clumsy. (Dex -2) [potion of
                  | mutation]
  1204 | D:2      | Gained mutation: Your mind is acute. (Int +2) [potion of
                  | mutation]
  1296 | D:3      | Reached XP level 5. HP: 45/45 MP: 7/7
  1424 | D:3      | Found a runed translucent gate.
  1424 | D:3      | Found a runed translucent gate.
  1424 | D:3      | Found a runed translucent gate.
  1607 | D:3      | Noticed Grinder
  1624 | D:3      | Paralysed by Grinder for 3 turns
  1629 | D:3      | Killed Grinder
  1629 | D:3      | Reached XP level 6. HP: 52/52 MP: 8/10
  1714 | D:3      | Noticed Conn's ghost (amateur OgWz)
  1837 | D:3      | Killed Conn's ghost
  1949 | D:4      | Your scales start taking on a dull iron-grey colour.
  1949 | D:4      | Reached XP level 7. HP: 51/60 MP: 11/11
  1949 | D:4      | Gained mutation: You can survive without breathing. [Grey
                  | Draconian growth]
  2476 | D:4      | Noticed Duvessa
  2481 | D:4      | Noticed Dowan
  2496 | D:4      | Killed Duvessa
  2496 | D:4      | Reached skill level 5 in Fighting
  2496 | D:4      | Reached skill level 5 in Staves
  2510 | D:4      | Killed Dowan
  3123 | D:5      | Entered Level 5 of the Dungeon
  3234 | D:5      | Reached skill level 5 in Dodging
  3261 | D:5      | Noticed Edmund
  3278 | D:5      | Reached XP level 8. HP: 32/69 MP: 12/14
  3925 | D:5      | HP: 2/70 [Edmund/+2 flail of protection (2)]
  3926 | D:5      | Killed Edmund
  4571 | D:5      | Noticed Menkaure
  4579 | D:5      | Killed Menkaure
  5001 | D:6      | Reached skill level 5 in Spellcasting
  5148 | D:5      | Mangled by an orc warrior

Levels and vault maps discovered:
D:1:      dpeg_arrival_shrine, layout_basic, minmay_heptomino_l4
D:2:      layout_basic, first_ration
D:3:      layout_rooms, gammafunk_ghost_necromancy, uniq_grinder
D:4:      layout_loops_ring, grunt_ministairs_6, uniq_duvessa
D:5:      layout_layer_cave, minmay_manual_monstrance, uniq_edmund,
          uniq_menkaure
D:6:      layout_basic, minmay_temple_entry_sparse_star, uniq_sigmund

Skill      XL: |  1  2  3  4  5  6  7  8 |
---------------+-------------------------+-----
Dodging        | 3 4 5 |  5.9
Spellcasting   | 1 2 3 4 5 |  5.0
Fighting       | 3 4 5 6 |  6.7
Staves         | 4 5 6 |  6.5
Throwing       | |  1.7

Action                   |  1- 3 |  4- 6 |  7- 9 || total
-------------------------+-------+-------+-------++-------
Melee: Quarterstaff      |    63 |   146 |   263 ||   472
       Tailslap          |     7 |    18 |    27 ||    52
       Unarmed           |       |       |    43 ||    43
Evoke: Wand              |       |       |     1 ||     1
  Use: Scroll            |     4 |     7 |     3 ||    14
       Potion            |       |     3 |       ||     3
 Stab: Sleeping          |     2 |     1 |       ||     3
  Eat: Chunk             |       |     3 |     7 ||    10
       Ration            |       |       |     1 ||     1
Armor: Skin              |    22 |    67 |    78 ||   167
Dodge: Dodged            |    64 |    84 |   174 ||   322

Table legend:
 A = Non-vault XP
 B = Vault XP
 C = Vault XP percentage of total XP
 D = Non-vault monster count
 E = Vault monster count
 F = Vault count percentage of total count
                 A         B        C        D         E       F
            +---------+---------+-------+---------+---------+-------
      Total |    1563 |    1143 |  42.2 |     113 |      15 |  11.7
            +---------+---------+-------+---------+---------+-------
        D:1 |      45 |       3 |   6.2 |      23 |       2 |   8.0
        D:2 |     134 |       0 |   0.0 |      16 |       0 |   0.0
        D:3 |     112 |     407 |  78.4 |      28 |       4 |  12.5
        D:4 |     396 |     216 |  35.3 |      21 |       3 |  12.5
        D:5 |     580 |     517 |  47.1 |      16 |       6 |  27.3
        D:6 |     296 |       0 |   0.0 |       9 |       0 |   0.0
            +---------+---------+-------+---------+---------+-------
